 Dungeon Crawl Stone Soup version 0.28-a0-683-ga8797d1ae1 (webtiles) character file.

Game seed: 11769804254125499787

79628 jdsmith2816 the Brawler (level 15, -1/90 HPs)
             Began as a Vine Stalker Fighter on Oct 18, 2021.
             Was an Initiate of Gozag.
             Slain by Donald (10 damage)
             ... on level 2 of the Orcish Mines.
             The game lasted 01:47:52 (23008 turns).

jdsmith2816 the Brawler (Vine Stalker Fighter)     Turns: 23008, Time: 01:47:53

Health: -1/90      AC: 28    Str: 24    XL:     15   Next: 64%
Magic:  0/16       EV: 10    Int: 14    God:    Gozag
Gold:   5734       SH:  5    Dex: 15    Spells: 14/14 levels left

rFire   + . .      SeeInvis +     - Unarmed
rCold   . . .      Faith    .   b - +0 buckler
rNeg    . . .      Spirit   +   i - +0 plate armour {Will+}
rPois   +          Reflect  .   n - +2 helmet {SInv}
rElec   .          Harm     .   M - +2 cloak {rPois}
rCorr   .          Rampage  .   m - +2 pair of gloves
Will    +++..                   N - +2 pair of boots
Stlth   ..........              G - amulet of regeneration
HPRegen 2.25/turn               Y - +4 ring of slaying
MPRegen 0.15/turn               p - ring "Feosif" {rF+ Will+ Int+6 SInv Stlth-}

@: mighty, hasted, very quick
A: fangs 3, regeneration 1, magic shield, antimagic bite, no potion heal 2
a: Renounce Religion, Potion Petition, Call Merchant, Bribe Branch


You were on level 2 of the Orcish Mines.
You worshipped Gozag.
Gozag was greatly pleased with you.
You visited 4 branches of the dungeon, and saw 23 of its levels.
You also visited: Bailey and Volcano.

You collected 6324 gold pieces.
You spent 570 gold pieces at shops.
You paid 20 gold pieces to Gozag.


Innate Abilities, Weirdness & Mutations

You have razor-sharp teeth.
Your natural rate of healing is unusually fast.
When hurt, damage is shared between your health and your magic reserves.
Your bite disrupts and absorbs the magic of your enemies.
Potions cannot restore your health.


   Skills:
 + Level 15.5 Fighting
 - Level 10.0 Armour
 - Level 7.0 Dodging
 - Level 5.0 Stealth
 + Level 4.9 Shields
 - Level 16.0 Unarmed Combat


You had 14 spell levels left.
You didn't know any spells.
Your spell library contained the following spells:

 Spells                   Type           Power      Damage    Failure   Level
 Freeze                   Ice            0%         1d3       97%         1
 Magic Dart               Conj           0%         1d3       97%         1
 Pain                     Necr           0%         1d4       97%         1
 Sting                    Tmut/Pois      0%         1d3       97%         1
 Blink                    Tloc           N/A        N/A       99%         2
 Corpse Rot               Necr/Air       0%         N/A       99%         2
 Ensorcelled Hibernation  Hex/Ice        0%         N/A       99%         2
 Poisonous Vapours        Pois/Air       0%         N/A       99%         2
 Searing Ray              Conj           0%         2d4       99%         2
 Slow                     Hex            0%         N/A       99%         2
 Confusing Touch          Hex            0%         N/A       100%        3
 Dazzling Flash           Conj/Hex       0%         N/A       100%        3
 Frozen Ramparts          Ice            0%         1d2       100%        3
 Gell's Gravitas          Tloc           0%         N/A       100%        3
 Spider Form              Tmut/Pois      0%         N/A       100%        3
 Stone Arrow              Conj/Erth      0%         3d7       100%        3
 Teleport Other           Tloc           0%         N/A       100%        3
 Vampiric Draining        Necr           0%         2d6       100%        3
 Fulminant Prism          Conj/Hex       0%         3d6       100%        4
 Hailstorm                Conj/Ice       0%         3d3       100%        4
 Iskenderun's Mystic Bla  Conj/Tloc      0%         2d3       100%        4
 Olgreb's Toxic Radiance  Pois           0%         N/A       100%        4
 Agony                    Necr           0%         N/A       100%        5
 Alistair's Intoxication  Tmut/Pois      0%         N/A       100%        5
 Borgnjor's Vile Clutch   Necr/Erth      0%         N/A       100%        5
 Excruciating Wounds      Necr           0%         N/A       100%        5
 Lightning Bolt           Conj/Air       0%         1d11      100%        5
 Manifold Assault         Tloc           0%         N/A       100%        5
 Dispersal                Tloc           0%         N/A       100%        6
 Eringya's Noxious Bog    Tmut/Pois      0%         N/A       100%        6
 Starburst                Conj/Fire      0%         6d3       100%        6
 Storm Form               Tmut/Air       0%         N/A       100%        7
 Fire Storm               Conj/Fire      0%         5d1       100%        9

Inventory:

Hand Weapons
 a - a +2 arbalest of flaming
Missiles
 O - 22 bolts
Armour
 b - a +0 buckler (worn)
 i - a +0 plate armour of willpower (worn)
 m - a +2 pair of gloves (worn)
 n - a +2 helmet of see invisible (worn)
 D - a +2 plate armour of fire resistance
 M - a +2 cloak of poison resistance (worn)
 N - a +2 pair of boots (worn)
Jewellery
 p - the ring "Feosif" (right hand) {rF+ Will+ Int+6 SInv Stlth-}
   (You found it on level 8 of the Dungeon)

   [ring of see invisible]

   Int:       It affects your intelligence (+6).
   rF:        It protects you from fire.
   SInv:      It lets you see invisible.
   Will:      It increases your willpower.
   Stlth:     It makes you less stealthy.
 s - the ring "Eroklek" {EV+4 Dex+5}
   (You acquired it on level 2 of the Dungeon)

   [ring of evasion]

   EV:        It affects your evasion (+4).
   Dex:       It affects your dexterity (+5).
 F - a ring of protection from fire
 G - an amulet of regeneration (around neck)
 P - a ring of poison resistance
 Y - a +4 ring of slaying (left hand)
Wands
 j - a wand of acid (25)
 l - a wand of paralysis (36)
 v - a wand of iceblast (13)
 x - a wand of polymorph (4)
 B - a wand of flame (63)
 L - a wand of mindburst (18)
Scrolls
 f - 2 scrolls of blinking
 k - a scroll of fog
 r - 2 scrolls of silence {!r}
 t - a scroll of enchant weapon
 w - 4 scrolls of magic mapping
 y - a scroll of holy word
 C - 2 scrolls of fear
 J - 4 scrolls of teleportation {@r2}
Potions
 c - 7 potions of might
 d - 3 potions of flight
 e - a potion of ambrosia {unknown}
 g - 18 potions of curing {@q1}
 h - 7 potions of lignification
 q - 4 potions of brilliance
 u - 4 potions of invisibility
 z - 5 potions of haste {@q3}
 A - 4 potions of cancellation
 H - 2 potions of mutation
Miscellaneous
 o - a condenser vane (inert)
 E - a lightning rod (4/4)
 I - a tin of tremorstones (2/2)
 K - a phial of floods

Dungeon Overview and Level Annotations

Branches:
Dungeon (14/15)            Temple (1/1) D:4            Lair (6/6) D:9
 Shoals (0/4) Lair:3        Snake (0/4) Lair:4        Slime (0/5) Lair:6
    Orc (2/2) D:12            Elf (0/3) Orc:2        Bailey (visited)
Volcano (visited)
 Vaults: D:13-14

Altars:
Ashenzari
Cheibriados
Dithmenos
Elyvilon
Fedhas
Gozag
Hepliaklqana
Kikubaaqudgha
Makhleb
Nemelex Xobeh
Okawaru
Qazlal
Ru
Sif Muna
Trog
Uskayaw
Vehumet
Wu Jian
Xom
Yredelemnul
Zin
The Shining One

Shops:
D:6 =   D:7 **[[[   D:10 :

Annotations:
D:4 3 runed translucent doors, Hanzohara's ghost, amateur HOFi
D:9 1 runed translucent door, Hubris850's ghost, novice MiFi
D:10 exclusions: oklob plant and oklob sapling
Orc:2 Donald

,,,*▒▒...............,,,,,,,,*
*,,,*▒▒.................,,,,,*
**,,,*▒▒................,,,,,*
,**,,,*▒▒...............,,,,,*
,,**,,,*▒▒..............,,,,,*
*,,**,*,*▒▒.$$..........,,,,,*
**,,**,,,*▒▒............,,,,,*
*,,**,*,*▒▒$............,,,,,*
,,**,,,*▒▒......@.......,,,,,*
,**,,,**▒.......@.......$,,,**
**,,,**▒..▒▒............,,,,,*
*,,,**▒..▒▒▒............,,,,,*
,,,**▒..▒▒▒.............,,,,,*
,,,**..▒▒▒..............,,,,**
,*,*,,*▒▒...............,,,,,*
,,,,,*▒▒........##.$..$.,,,,,*
*,,,*▒▒..###...######...,,,,,*


You could see Donald (fast, strong).


Message History

Donald seems to speed up.
Donald says, "Orcs smell really bad.
Yuck."
You feel yourself speed up.
You feel very mighty all of a sudden.
Donald mumbles some strange words.
Donald seems to grow stronger.
Donald hits you with a +4 vorpal war axe!!
Donald blocks your attack.
Your bite misses Donald. Donald hits you but does no damage.
You barely miss Donald. Donald blocks your attack.
You pummel Donald!!
Donald is heavily wounded.
Donald hits you with a +4 vorpal war axe!
Donald blocks your attack.
Donald is heavily wounded.
Donald hits you with a +4 vorpal war axe!!
* * * LOW HITPOINT WARNING * * *
x2 Donald says, "Spare some coin?"
Donald says, "I'll never be able to carry all this gold!
I hate that."
Donald says, "And you think you've got it bad..."
You closely miss Donald. Your bite misses Donald.
Donald is moderately wounded.
Donald hits you with a +4 vorpal war axe!
* * * LOW HITPOINT WARNING * * *
Donald hits you with a +4 vorpal war axe!!!
* * * LOW HITPOINT WARNING * * *
x2 Donald says, "I asked for directions to the rune, but they belched at me."
Donald hits you with a +4 vorpal war axe!
You die...
Your body crumbles into a pile of gold.

Skill      XL: |  1  2  3  4  5  6  7  8  9 10 11 12 13 14 15 |
---------------+----------------------------------------------+-----
Stealth        | 1 2 3 4 5 |  5.0
Shields        | 3 4 |  4.9
Unarmed Combat | 3 4 5 7 8 9 10 11 12 14 16 | 16.0
Fighting       | 4 6 8 10 11 13 14 15 | 15.5
Armour         | 4 6 7 9 10 | 10.0
Dodging        | 3 5 7 |  7.0

Action                   |  1- 3 |  4- 6 |  7- 9 | 10-12 | 13-15 || total
-------------------------+-------+-------+-------+-------+-------++-------
Melee: Unarmed           |   116 |   158 |   219 |   489 |   976 ||  1958
       Bite              |    32 |    55 |    82 |   226 |   481 ||   876
Evoke: Wand              |       |       |     1 |     4 |    22 ||    27
       Lightning rod     |       |       |       |       |     1 ||     1
       Phial of floods   |       |       |       |       |     1 ||     1
       Condenser vane    |       |       |       |       |     1 ||     1
  Use: Scroll            |       |     4 |    13 |     5 |     9 ||    31
       Potion            |       |     1 |       |     2 |     5 ||     8
 Stab: Sleeping          |       |     1 |       |       |       ||     1
       Distracted        |       |       |       |     2 |    11 ||    13
       Paralysed         |       |       |       |     9 |    10 ||    19
       Confused          |       |       |       |       |     3 ||     3
Armor: Scale mail        |    39 |    48 |       |       |       ||    87
       Skin              |       |     3 |       |       |       ||     3
       Plate armour      |       |     3 |    90 |   201 |   443 ||   737
Dodge: Dodged            |    42 |    68 |    54 |   197 |   386 ||   747
Block: Buckler           |    18 |    24 |    48 |   102 |   189 ||   381

Levels and vault maps discovered:
D:1:      dpeg_arrival_rooms_c, layout_loops_corners,
          dreamdust_ecumenical_altar_grove
D:2:      layout_basic
D:3:      cheibrodos_helix_gallery, layout_rooms, minmay_cupped, uniq_sigmund
D:4:      layout_cave_pools, mainiacjoe_overflow_catwalk,
          nemelex_dance_club_becter, lemuel_doored_altar,
          minmay_temple_entry_glass, gammafunk_ghost_necromancy, serial_park,
          serial_park_tiny_2
D:5:      layout_basic, marbit_many_paths
D:6:      layout_loops_corners, nicolae_tso_besieged_by_evil, serial_shops,
          nicolae_take_the_stairs, kb_rosetta
D:7:      layout_rooms, serial_shops, nicolae_shop_waterfront,
          nicolae_lakefront_shop, nicolae_inconvenience_store, shop_fountains,
          kennysheep_little_box, uniq_pikel
D:8:      layout_gridville
D:9:      layout_loops_cross, kennysheep_mini_moat, dpeg_lair_monsters,
          hellmonk_ghost_happy_afterlife
D:10:     layout_basic, enter_bailey_3, serial_shops, kennysheep_mini,
          introduction_to_nature_1
D:11:     layout_loops_cross
D:12:     layout_stronghold, erik_orc_1,
          portal_ice_cave_entry_animals_and_master, minivault_8
D:13:     layout_layer_cave, uniq_sonja, uniq_azrael
D:14:     layout_loops_ring, ximxim_vaults_locker_room, minmay_curled_crystal,
          tgw_lugonu_bribe, uniq_nessos, uniq_josephine
Temple:   nicolae_temple_elliptical
Lair:1:   layout_loops_ring, serial_bayou_pond_b, grunt_megastairs_4,
          serial_bayou_shore_b
Lair:2:   layout_chaotic_city, infiniplex_staircase_pool_2
Lair:3:   minmay_lair_oklob_chamber, layout_cave_shapes,
          minmay_shoals_entry_centaurs
Lair:4:   gammafunk_indiana_jones, layout_gridlike
Lair:5:   layout_concentric_octagons, infiniplex_staircase_pool,
          grunt_megastairs_3, uniq_rupert
Lair:6:   cheibrodos_lair_end_hotspot, layout_big_grid,
          minmay_slime_entry_oklob_enclosed, chequers_serial_rivers_micro_b,
          chequers_serial_rivers_large_a
Orc:1:    layout_caves, serial_shops, shop
Orc:2:    pf_orc_diabolical, layout_diamond_mine, enter_volcano_4, uniq_donald

Notes
Turn   | Place    | Note
-------+----------+-------------------------------------------
     0 | D:1      | jdsmith2816 the Vine Stalker Fighter began the quest for
                  | the Orb.
     0 | D:1      | Reached XP level 1. HP: 11/11 MP: 2/2
   146 | D:1      | Reached XP level 2. HP: 16/16 MP: 3/3
   274 | D:1      | Reached skill level 1 in Stealth
   386 | D:1      | Found a faded altar of an unknown god.
   731 | D:1      | Reached skill level 3 in Shields
   840 | D:1      | Reached XP level 3. HP: 19/19 MP: 4/4
  1195 | D:2      | Reached skill level 3 in Unarmed Combat
  1537 | D:2      | Reached skill level 2 in Stealth
  1537 | D:2      | Gained mutation: Your natural rate of healing is unusually
                  | fast. [Vine Stalker growth]
  1537 | D:2      | Reached XP level 4. HP: 23/23 MP: 5/5
  1884 | D:2      | Identified 2 scrolls of acquirement
  1884 | D:2      | Acquired the ring "Eroklek" {EV+4 Dex+5}
  1993 | D:2      | Acquired a +0 helmet of see invisible
  2384 | D:3      | Noticed Sigmund
  2415 | D:3      | Reached XP level 5. HP: 27/27 MP: 6/6
  2417 | D:3      | Killed Sigmund
  2418 | D:3      | Reached skill level 3 in Stealth
  2418 | D:3      | Reached skill level 4 in Unarmed Combat
  2418 | D:3      | Reached XP level 6. HP: 32/32 MP: 7/7
  3015 | D:4      | Found a staircase to the Ecumenical Temple.
  3015 | D:4      | Noticed an orc warrior
  3185 | D:4      | Found a runed translucent gate.
  3186 | D:4      | Found a runed translucent gate.
  3192 | D:4      | Found a runed translucent gate.
  3193 | D:4      | Noticed Hanzohara's ghost (amateur HOFi)
  3253 | Temple   | Entered the Ecumenical Temple
  3399 | Temple   | Became a worshipper of Gozag Ym Sagoz the Greedy
  3418 | D:4      | Got the Catalogue of Flying Blows and Bruises
  3454 | D:4      | Reached skill level 4 in Stealth
  3454 | D:4      | Reached skill level 4 in Shields
  3454 | D:4      | Reached skill level 5 in Unarmed Combat
  3576 | D:4      | Found a sparkling altar of Nemelex Xobeh.
  3614 | D:4      | Found a stormy altar of Qazlal.
  3682 | D:4      | Reached XP level 7. HP: 35/35 MP: 8/8
  3736 | D:4      | Identified the +5 ring mail of Nant {rElec rPois rF-}
  4085 | D:4      | Found a sacrificial altar of Ru.
  4163 | D:4      | Reached skill level 5 in Stealth
  4163 | D:4      | Reached skill level 6 in Unarmed Combat
  4192 | D:5      | Entered Level 5 of the Dungeon
  4400 | D:5      | Reached skill level 7 in Unarmed Combat
  4440 | D:5      | Gained mutation: You have razor-sharp teeth. [Vine Stalker
                  | growth]
  4440 | D:5      | Reached XP level 8. HP: 36/39 MP: 9/9
  4808 | D:5      | Acquired a +2 cloak of poison resistance
  4892 | D:5      | Found a bloodstained altar of Trog.
  5293 | D:6      | Reached skill level 3 in Fighting
  5316 | D:6      | Found a glowing golden altar of the Shining One.
  5390 | D:6      | Reached skill level 3 in Armour
  5625 | D:6      | Reached skill level 4 in Fighting
  5628 | D:6      | Found Kummit's Jewellery Boutique.
  5707 | D:6      | Noticed a shadow
  5712 | D:6      | Killed a shadow
  5713 | D:6      | Reached skill level 4 in Armour
  5760 | D:6      | Reached skill level 8 in Unarmed Combat
  5760 | D:6      | Reached XP level 9. HP: 46/46 MP: 10/10
  5794 | D:6      | Reached skill level 5 in Fighting
  6072 | D:6      | Noticed a komodo dragon
  6081 | D:6      | Killed a komodo dragon
  6082 | D:6      | Reached skill level 5 in Armour
  6135 | D:7      | Noticed Pikel
  6175 | D:6      | Killed Pikel
  6176 | D:6      | Reached skill level 6 in Fighting
  6611 | D:7      | Found Hirgheoc's Assorted Antiques.
  6635 | D:7      | Found Keguuc's Antique Armour Shop.
  6657 | D:7      | Bought a pair of embroidered boots for 210 gold pieces
  6744 | D:7      | Reached skill level 6 in Armour
  6785 | D:7      | Reached XP level 10. HP: 53/53 MP: 11/11
  6818 | D:7      | Found Hogi's Armour Shop.
  6988 | D:7      | Found Genyke's Armour Shop.
  6994 | D:7      | Bought a +0 plate armour of willpower for 360 gold pieces
  7125 | D:7      | Found Isorch Nusosi's Assorted Antiques.
  7260 | D:8      | Reached skill level 7 in Fighting
  7260 | D:8      | Reached skill level 9 in Unarmed Combat
  7272 | D:8      | Noticed an unseen horror
  7294 | D:8      | Killed an unseen horror
  7614 | D:8      | Identified the ring "Feosif" {rF+ Will+ Int+6 SInv Stlth-}
  7976 | D:9      | Noticed a death yak
  7983 | D:9      | Noticed a death yak
  7992 | D:8      | Reached skill level 7 in Armour
  8051 | D:9      | Noticed Hubris850's ghost (novice MiFi)
  8052 | D:9      | Found a runed translucent door.
  8120 | D:9      | Found a glowing silver altar of Zin.
  8154 | D:9      | Noticed a death yak
  8158 | D:9      | Found a staircase to the Lair.
  8179 | D:9      | Killed a death yak
  8184 | D:9      | Killed a death yak
  8185 | D:9      | Reached skill level 8 in Fighting
  8190 | D:9      | Killed a death yak
  8191 | D:9      | Reached XP level 11. HP: 45/60 MP: 10/12
  8340 | D:9      | Reached skill level 8 in Armour
  8845 | D:10     | Entered Level 10 of the Dungeon
  8931 | D:10     | Noticed a two-headed ogre
  8937 | D:10     | Killed a two-headed ogre
  8938 | D:10     | Reached skill level 9 in Fighting
  8938 | D:10     | Reached skill level 10 in Unarmed Combat
  8948 | D:10     | Found Piwnupt's Book Shop.
  9019 | D:10     | Found a flagged portal.
  9060 | D:10     | Noticed a two-headed ogre
  9071 | Bailey   | Entered a bailey
  9335 | Bailey   | Found a bloodstained altar of Trog.
  9383 | D:10     | Killed a two-headed ogre
 10088 | D:10     | Noticed an oklob plant
 10294 | D:11     | Noticed a boulder beetle
 10310 | D:11     | Killed a boulder beetle
 10346 | D:11     | Noticed a red ugly thing
 10399 | Lair:1   | Entered Level 1 of the Lair of Beasts
 10418 | Lair:1   | Noticed a four-headed hydra
 10440 | Lair:1   | Killed a four-headed hydra
 10444 | Lair:1   | Reached skill level 9 in Armour
 10694 | Lair:1   | Reached skill level 10 in Fighting
 10922 | Lair:1   | Noticed a four-headed hydra
 10929 | Lair:1   | Killed a four-headed hydra
 10930 | Lair:1   | Reached XP level 12. HP: 65/67 MP: 13/13
 11437 | Lair:1   | Reached skill level 1 in Dodging
 11774 | Lair:2   | Reached skill level 11 in Unarmed Combat
 11777 | Lair:2   | Noticed a death yak
 11797 | Lair:2   | Killed a death yak
 11798 | Lair:2   | Reached skill level 10 in Armour
 11798 | Lair:2   | Reached skill level 2 in Dodging
 11853 | Lair:2   | Noticed a death yak
 11859 | Lair:2   | Noticed a death yak
 11869 | Lair:1   | Killed a death yak
 11870 | Lair:1   | Reached skill level 11 in Fighting
 11955 | Lair:2   | Killed a death yak
 12032 | Lair:2   | Reached skill level 3 in Dodging
 12142 | Lair:2   | Noticed a six-headed hydra
 12156 | Lair:2   | Killed a six-headed hydra
 12215 | Lair:2   | Noticed an eight-headed hydra
 12221 | Lair:2   | Killed an eight-headed hydra
 12631 | Lair:3   | Reached XP level 13. HP: 74/74 MP: 14/14
 12720 | Lair:2   | Reached skill level 12 in Fighting
 12720 | Lair:2   | Reached skill level 4 in Dodging
 13395 | Lair:3   | Found a staircase to the Shoals.
 13611 | Lair:3   | Reached skill level 12 in Unarmed Combat
 14053 | Lair:4   | Found a staircase to the Snake Pit.
 14525 | Lair:4   | Reached skill level 5 in Dodging
 14871 | Lair:4   | Found a runed translucent door.
 15012 | Lair:4   | Found a runed translucent gate.
 15013 | Lair:4   | Found a runed translucent gate.
 15014 | Lair:4   | Found a runed translucent gate.
 15014 | Lair:4   | Found a runed translucent gate.
 15014 | Lair:4   | Found a runed translucent gate.
 15014 | Lair:4   | Identified the +6 whip of Resourcefulness {flame, rElec
                  | MP+9 Int+5 SInv}
 15015 | Lair:4   | Found a runed translucent gate.
 15037 | Lair:4   | Reached skill level 13 in Fighting
 15669 | Lair:5   | Noticed Rupert
 15725 | Lair:4   | Killed Rupert
 15853 | Lair:5   | Reached XP level 14. HP: 82/82 MP: 15/15
 15866 | Lair:5   | Reached skill level 6 in Dodging
 15910 | Lair:5   | Reached skill level 14 in Fighting
 15986 | Lair:5   | Reached skill level 13 in Unarmed Combat
 16576 | Lair:6   | Entered Level 6 of the Lair of Beasts
 17045 | Lair:6   | Found a staircase to the Slime Pits.
 17056 | Lair:6   | Reached skill level 7 in Dodging
 17472 | Lair:6   | Reached skill level 14 in Unarmed Combat
 17661 | Lair:6   | Found a large runed translucent door.
 17661 | Lair:6   | Found a large runed translucent door.
 19257 | D:12     | Reached XP level 15. HP: 87/88 MP: 16/16
 19630 | D:12     | Found a staircase to the Orcish Mines.
 19832 | D:12     | Reached skill level 15 in Unarmed Combat
 20117 | D:12     | Reached skill level 15 in Fighting
 21053 | D:13     | Noticed Sonja
 21060 | D:13     | Noticed Sonja
 21060 | D:13     | Sonja changed into Sonja the hornet
 21070 | D:13     | Killed Sonja the hornet
 21548 | D:13     | Noticed Azrael
 21561 | D:13     | Killed Azrael
 21985 | Orc:1    | Entered Level 1 of the Orcish Mines
 22249 | Orc:1    | Reached skill level 16 in Unarmed Combat
 22429 | Orc:2    | Entered Level 2 of the Orcish Mines
 22460 | Orc:2    | Found a staircase to the Elven Halls.
 22590 | Orc:2    | Found a dark tunnel.
 22595 | Volcano  | Entered a volcano
 22825 | Volcano  | Found a radiant altar of Vehumet.
 22848 | Volcano  | Found a radiant altar of Vehumet.
 22975 | Orc:2    | Noticed Donald
 23007 | Orc:2    | HP: 8/90 [Donald (5)]
 23008 | Orc:2    | Slain by Donald

Vanquished Creatures
  Rupert (Lair:4)
  Azrael (D:13)
  An ice dragon (D:12)
  A fire dragon (Lair:6)
  3 boulder beetles
  7 hydras
  A death knight (D:11)
  4 centaur warriors
  6 two-headed ogres
  15 death yaks
  An orc high priest (Orc:1)
  A hell knight (Volcano)
  4 lindwurms
  An orc knight (Orc:1)
  2 ugly things (D:11)
  A wolf spider (Lair:4)
  Pikel (D:6)
  2 manticores (D:12)
  A deep elf pyromancer (D:12)
  8 oklob plants
  2 cyclopes
  12 elephants
  6 molten gargoyles
  9 black mambas
  11 cane toads
  3 yaktaurs (Volcano)
  2 rime drakes
  11 komodo dragons
  An unseen horror (D:8)
  2 jumping spiders (Lair:4)
  7 polar bears
  3 hornets
  5 trolls
  9 slime creatures
  21 blink frogs
  2 shadows
  Sigmund (D:3)
  2 redbacks (Lair:4)
  A tarantella (Lair:4)
  23 yaks
  A wraith (D:10)
  6 fire bats (Volcano)
  2 wyverns
  2 fire elementals (D:13)
  6 basilisks
  5 steam dragons
  2 acid dragons
  A warg (Orc:1)
  24 water moccasins
  6 hell hounds
  A swamp drake (D:12)
  An ice beast (D:6)
  2 black bears
  3 necrophages
  17 orc warriors
  3 sky beasts
  9 centaurs
  26 wolves
  2 phantoms
  3 lemures (D:6)
  A kobold brigand (D:10)
  13 bullfrogs
  2 scorpions (D:5)
  A water moccasin zombie (D:6)
  3 killer bees (D:7)
  A water moccasin skeleton (D:5)
  3 wights (D:9)
  5 howler monkeys
  An electric eel (D:7)
  14 lava snakes
  3 hounds
  A bullfrog zombie (D:6)
  3 centaur zombies
  12 orc priests
  2 iguanas
  20 orc wizards
  5 hell rats
  A killer bee zombie (D:9)
  A howler monkey zombie (D:6)
  14 adders
  3 river rats
  A shadow imp (D:6)
  2 ufetubi
  2 worms (D:2)
  A dart slug (D:1)
  57 orcs
  4 bats
  11 endoplasms
  18 goblins
  7 hobgoblins
  4 jackals
  8 quokkas
  12 ball pythons
  4 frilled lizards
  A goblin skeleton (D:6)
  A goblin zombie (D:6)
  4 hobgoblin zombies (D:6)
  8 kobolds
  A kobold skeleton (D:6)
  4 orc skeletons (D:6)
  8 rats
584 creatures vanquished.

Vanquished Creatures (others)
  A molten gargoyle (D:12)
  A ball python (D:10)
  15 fungi
  44 plants
61 creatures vanquished.

Grand Total: 645 creatures vanquished

Table legend: (Time is in decaauts)
 A = Elapsed time spent in this place.
 B = Non-inter-level travel time spent in this place.
 C = Inter-level travel time spent in this place.
 D = Time resting spent in this place.
 E = Time spent auto-exploring this place.
 F = Levels seen in this place.
 G = Mean time per level.
                   A        B        C        D        E       F      G
               +--------+--------+--------+--------+--------+-----+--------+
         Total |  22638 |  21225 |   1413 |   3134 |  12510 |  25 |  905.5 |
       Dungeon |  13306 |  12386 |    920 |   1276 |   8234 |  14 |  950.4 |
        Temple |    202 |    175 |     27 |     37 |    118 |   1 |  202.0 |
          Lair |   7853 |   7392 |    461 |   1607 |   3860 |   6 | 1308.8 |
  Orcish Mines |    623 |    619 |      4 |     32 |    259 |   2 |  311.5 |
        Bailey |    302 |    302 |      0 |    141 |      0 |   1 |  302.0 |
       Volcano |    350 |    350 |      0 |     41 |     39 |   1 |  350.0 |
               +--------+--------+--------+--------+--------+-----+--------+

Top non-repeatable levels by time:
    D:12: 1760 daAuts
  Lair:6: 1745 daAuts
  Lair:4: 1687 daAuts
  Lair:2: 1373 daAuts
     D:6: 1227 daAuts
  Lair:1: 1176 daAuts
     D:2: 1165 daAuts
    D:10: 1146 daAuts
     D:1: 1060 daAuts
  Lair:3: 1031 daAuts
     D:5: 1007 daAuts
     D:4: 958 daAuts
    D:13: 901 daAuts
     D:8: 851 daAuts
     D:9: 850 daAuts

Table legend:
 A = Non-vault XP
 B = Vault XP
 C = Vault XP percentage of total XP
 D = Non-vault monster count
 E = Vault monster count
 F = Vault count percentage of total count
                 A         B        C        D         E       F
            +---------+---------+-------+---------+---------+-------
      Total |   72107 |   41648 |  36.6 |     397 |     185 |  31.8
            +---------+---------+-------+---------+---------+-------
        D:1 |      34 |       0 |   0.0 |      21 |       0 |   0.0
        D:2 |      78 |       0 |   0.0 |      21 |       0 |   0.0
        D:3 |      55 |     228 |  80.6 |      18 |       6 |  25.0
        D:4 |     545 |       5 |   0.9 |      29 |       2 |   6.5
        D:5 |     395 |      14 |   3.4 |       6 |       1 |  14.3
        D:6 |     989 |    1466 |  59.7 |      19 |      17 |  47.2
        D:7 |     973 |       0 |   0.0 |      15 |       0 |   0.0
        D:8 |    1916 |      50 |   2.5 |      15 |       3 |  16.7
        D:9 |    1189 |    2435 |  67.2 |      14 |       8 |  36.4
       D:10 |    2580 |     515 |  16.6 |      17 |      18 |  51.4
       D:11 |    4576 |       0 |   0.0 |      12 |       0 |   0.0
       D:12 |    8102 |    4778 |  37.1 |      26 |      29 |  52.7
       D:13 |    4093 |    1927 |  32.0 |       7 |       6 |  46.2
     Lair:1 |    4514 |    1791 |  28.4 |      11 |       6 |  35.3
     Lair:2 |   13553 |       0 |   0.0 |      46 |       0 |   0.0
     Lair:3 |    2819 |    3426 |  54.9 |       9 |      11 |  55.0
     Lair:4 |    2468 |    8903 |  78.3 |      13 |      19 |  59.4
     Lair:5 |   10151 |     858 |   7.8 |      32 |       1 |   3.0
     Lair:6 |    8852 |   10273 |  53.7 |      33 |      31 |  48.4
      Orc:1 |    3221 |       0 |   0.0 |      27 |       0 |   0.0
      Orc:2 |    1004 |     206 |  17.0 |       6 |       3 |  33.3
     Bailey |       0 |     402 | 100.0 |       0 |       6 | 100.0
    Volcano |       0 |    4371 | 100.0 |       0 |      18 | 100.0
            +---------+---------+-------+---------+---------+-------
